AoeStats
← [WaW] Vinncce

Hideout

503716657Analyzed
4v4 RM · 29d ago on Sep 1, 2026· 34m 36s· 8 players
Game mode
Random Map
Map size
Large (8 player)
Population
200
Speed
Normal
Resources
Standard
Victory
Conquest
Starting age
Dark Age
Ending age
Imperial Age
RankedLock teamsTeams togetherTeam positionsShared explorationLock speedFull tech treeHidden civsTurbo modeCheats
Victory
Defeat
🇺🇸 Italians · United States
1011
+15
🇺🇸 Saracens · United States
955
+17
870
+21
🇬🇧 Spanish · United Kingdom
868
+21
🇺🇸 Vietnamese · United States
1006
-20
🇧🇷 Persians · Brazil
1006
-20
🇨🇱 Teutons · Chile
986
-19
🇦🇷 Huns · Argentina
937
-17
[WaW] Vinncce
10:15 Feudal Age
12:56 Double-Bit Axe
16:28 Wheelbarrow
19:41 Loom
22:08 Arson
28:08 Castle Age
31:14 Bow Saw
nicocaraza
1:06 Loom
12:38 Feudal Age
19:45 Fletching
28:59 Castle Age
danilomaxxcuritiba
10:18 Feudal Age
9:26 Loom
10:44 Double-Bit Axe
10:49 Loom
11:39 Wheelbarrow
10:54 Loom
10:56 Town Watch
13:11 Horse Collar
16:22 Man-at-Arms
22:37 Castle Age
21:51 Stone Mining
22:26 Fletching
22:38 Padded Archer Armor
22:27 Elite Skirmisher
25:06 Bodkin Arrow
25:24 Husbandry
25:55 Bow Saw
28:35 Scale Barding Armor
28:43 Forging
33:41 Iron Casting
Jaimelens
4:11 Loom
11:48 Feudal Age
16:27 Castle Age
14:24 Horse Collar
15:51 Forging
16:41 Bloodlines
17:17 Scale Barding Armor
18:01 Scale Barding Armor
23:35 Chain Barding Armor
25:27 Iron Casting
26:43 Double-Bit Axe
29:28 Heavy Plow
Portuguese Bombard Cannon
3:51 Loom
10:01 Feudal Age
14:01 Fletching
18:19 Horse Collar
34:12 Castle Age
oKC CHIEFS FANo
2:53 Loom
10:59 Feudal Age
11:30 Horse Collar
11:37 Double-Bit Axe
19:57 Castle Age
20:58 Fletching
21:09 Padded Archer Armor
23:10 Scale Barding Armor
23:17 Forging
23:08 Heavy Plow
23:21 Bow Saw
25:33 Bloodlines
25:59 Husbandry
29:13 Wheelbarrow
34:00 Bodkin Arrow
34:21 Leather Archer Armor
34:32 Gold Mining
Kazule
6:54 Loom
9:27 Feudal Age
9:53 Double-Bit Axe
16:00 Fletching
23:46 Castle Age
24:01 Bloodlines
24:16 Crossbowman
24:54 Bodkin Arrow
27:56 Wheelbarrow
29:03 Horse Collar
I I I I |||| I I I I
6:54 Loom
12:33 Feudal Age
13:54 Horse Collar
14:01 Double-Bit Axe
14:58 Bloodlines
17:08 Scale Barding Armor
17:43 Forging
20:01 Town Watch
20:54 Wheelbarrow
20:10 Gold Mining
21:44 Scale Mail Armor
21:54 Stone Mining
26:13 Castle Age
24:28 Padded Archer Armor
25:54 Arson
27:22 Pikeman
28:20 Chain Mail Armor
28:40 Iron Casting
28:07 Squires
29:21 Leather Archer Armor
29:19 Fletching
29:37 Husbandry
32:44 Light Cavalry
Connection lost

Rejoining the realm…

Still unreachable

The connection could not be restored.

Session expired

The server has moved on; the page needs a fresh start.